 Dungeon Crawl Stone Soup version 0.23-a0-321-g6bcb69f (webtiles) character file.

128 Ijustatesigmund the Shield-Bearer (level 5, -1/31 HPs)
             Began as an Octopode Wizard on Oct 15, 2018.
             Slain by Grinder (4 damage)
             ... on level 3 of the Dungeon.
             The game lasted 00:07:10 (3833 turns).

Ijustatesigmund the Shield-Bearer (Octopode Wizard) Turns: 3833, Time: 00:07:12

Health: -1/31      AC:  1    Str:  6 (7)  XL:     5   Next: 12%
Magic:  9/9        EV: 13    Int: 19 (20) God:
Gold:   93         SH:  8    Dex: 10 (11) Spells: 4/10 levels left

rFire    . . .     SeeInvis .   b - +0 short sword (elec)
rCold    . . .     Gourm    .   g - +0 buckler
rNeg     . . .     Faith    .   a - +0 hat
rPois    .         Spirit   .   e - +4 amulet of reflection
rElec    .         Reflect  +   (no ring)
rCorr    .         Harm     .   (no ring)
MR       .....                  (no ring)
Stlth    +++.......             (no ring)
HPRegen  0.10/turn              (no ring)
MPRegen  0.11/turn              (no ring)
                                (no ring)
                                (no ring)

@: no status effects
A: almost no armour, stealthy swim, amphibious, 8 rings, constrict 8, camouflage
1, gelatinous body 1
a: no special abilities


You were on level 3 of the Dungeon.
You were not hungry.

You visited 1 branch of the dungeon, and saw 3 of its levels.

You collected 93 gold pieces.

Inventory:

Hand Weapons
 b - a +0 short sword of electrocution (weapon)
Armour
 a - a +0 hat (worn)
 g - a +0 buckler (worn)
Jewellery
 e - a +4 amulet of reflection (around mantle)
Scrolls
 h - 2 scrolls of identify
 k - a scroll of remove curse
 m - a scroll of amnesia
Potions
 d - 3 potions of brilliance
 f - 2 potions of curing
 j - a potion of lignification {unknown}
Comestibles
 c - 3 rations


   Skills:
 - Level 2.0 Dodging
 - Level 2.6 Stealth
 + Level 3.6 Shields
 - Level 3.0 Spellcasting
 - Level 2.8 Conjurations
   Level 1.0 Summonings
 - Level 1.0 Translocations


You had 4 spell levels left.
You knew the following spells:

 Your Spells              Type           Power        Failure   Level  Hunger
a - Magic Dart            Conj           ##..         4%          1    None
b - Blink                 Tloc           N/A          16%         2    ##.....
c - Mephitic Cloud        Conj/Pois/Air  #.......     32%         3    ###....

Your spell library contained the following spells:

 Spells                   Type           Power        Failure   Level  Hunger
 Call Imp                 Summ           #.......     16%         2    ##.....
 Slow                     Hex            #.......     24%         2    ##.....
 Conjure Flame            Conj/Fire      #.......     26%         3    ###....


Dungeon Overview and Level Annotations

Branches:
Dungeon (3/15)

Altars:
Uskayaw

Annotations:
D:3 Grinder


Innate Abilities, Weirdness & Mutations

You cannot wear most types of armour.
You are very stealthy in the water. (Stealth+)
You are amphibious.
You can wear up to eight rings at the same time.
You can use your tentacles to constrict eight enemies at once.
Your skin changes colour to match your surroundings (Stealth+).
Your rubbery body absorbs attacks. (AC +1, EV +1)


Message History

You closely miss the leopard gecko skeleton.
Your grab misses the leopard gecko skeleton.
The leopard gecko skeleton bites you.
You barely miss Grinder. You grab Grinder. You squeeze Grinder.
Grinder is lightly wounded.
You constrict Grinder. Grinder hits you.
You writhe in agony.
The leopard gecko skeleton bites you. Grinder hits you!
You are too injured to fight recklessly!
You are too injured to fight recklessly!
You are too injured to fight recklessly!
You are too injured to fight recklessly!
You are too injured to fight recklessly!
As you read the scroll labeled DUJEIPSATO, it crumbles to dust.
The creatures around you are filled with an inner flame!
It was a scroll of immolation.
You constrict Grinder.
You block the leopard gecko skeleton's attack.
Grinder hits you!
* * * LOW HITPOINT WARNING * * *
You writhe in agony.
You die...

#....# #+ ###.##
#. #.# #. #.#
#####.#### #.#
#$.......# #.#
#>#......# #.#
......5#.######.#
#.Z@........#
#.##.######## #
#.# ..# ####


You could see Grinder (inner flame) and a leopard gecko skeleton (inner flame).

Vanquished Creatures
  An orc wizard (D:3)
  A gnoll (D:1)
  2 adders
  An ooze (D:1)
  A worm (D:2)
  2 leopard geckos
  An orc (D:3)
  4 giant cockroaches
  9 goblins
  6 hobgoblins
  4 jackals (D:2)
  6 bats
  2 frilled lizards (D:1)
  8 kobolds
  5 rats
53 creatures vanquished.

Vanquished Creatures (others)
  An orc wizard (D:3)
1 creature vanquished.

Grand Total: 54 creatures vanquished

Notes
Turn   | Place    | Note
-------+----------+-------------------------------------------
     0 | D:1      | Ijustatesigmund the Octopode Wizard began the quest for the
                  | Orb.
     0 | D:1      | Reached XP level 1. HP: 11/11 MP: 4/4
   446 | D:1      | Reached XP level 2. HP: 17/17 MP: 0/6
   451 | D:1      | Reached skill level 1 in Shields
   455 | D:1      | Learned a level 2 spell: Blink
  1011 | D:1      | Reached XP level 3. HP: 21/21 MP: 1/7
  2167 | D:2      | Reached XP level 4. HP: 27/27 MP: 4/8
  2185 | D:2      | Learned a level 3 spell: Mephitic Cloud
  2782 | D:2      | Found a faded altar of an unknown god.
  3490 | D:3      | Reached XP level 5. HP: 16/31 MP: 4/9
  3751 | D:3      | Noticed a dagger
  3752 | D:3      | Found a hide-covered altar of Uskayaw.
  3752 | D:3      | Noticed a dagger
  3828 | D:3      | Noticed Grinder
  3833 | D:3      | Slain by Grinder

Vault maps used:
D:1:      nzn_arrival_depleted_hourglass, serial_park_tiny_pond, minmay_tripent
D:2:      chequers_ecumenical_altar_simple_redux, kennysheep_generic_room_8
D:3:      dancing_weapons_uskayaw, uniq_grinder

Skill      XL: |  1  2  3  4 |
---------------+-------------+-----
Shields        | 1 2 3 |  3.6
Conjurations   | 2 |  2.8
Dodging        | |  2.0
Stealth        | |  2.6
Spellcasting   | |  3.0
Summonings     | |  1.0
Translocations | |  1.0

Action                   |  1- 3 |  4- 6 || total
-------------------------+-------+-------++-------
Melee: Hand axe          |    38 |     5 ||    43
       Constrict         |     9 |     3 ||    12
       Tentacles         |     5 |     2 ||     7
       Short sword       |       |    13 ||    13
 Cast: Magic Dart        |    68 |    36 ||   104
  Use: Scroll            |     5 |     3 ||     8
       Potion            |     4 |     4 ||     8
 Stab: Sleeping          |     2 |       ||     2
  Eat: Chunk             |     3 |     6 ||     9
Armor: Skin              |     1 |       ||     1
Dodge: Dodged            |    37 |     8 ||    45
Block: Buckler           |     9 |     5 ||    14
       Reflection        |       |     2 ||     2

Table legend:
 A = Non-vault XP
 B = Vault XP
 C = Vault XP percentage of total XP
 D = Non-vault monster count
 E = Vault monster count
 F = Vault count percentage of total count
                 A         B        C        D         E       F
            +---------+---------+-------+---------+---------+-------
      Total |     167 |      17 |   9.2 |      52 |       2 |   3.7
            +---------+---------+-------+---------+---------+-------
        D:1 |      45 |      17 |  27.4 |      25 |       2 |   7.4
        D:2 |      48 |       0 |   0.0 |      20 |       0 |   0.0
        D:3 |      74 |       0 |   0.0 |       7 |       0 |   0.0
            +---------+---------+-------+---------+---------+-------
